 Dungeon Crawl Stone Soup version 0.31.0-11-ge490571c62 (webtiles) character file.

Game seed: 1835457459767473719

4531235 Amplified the Hoplite (level 27, 278/278 HPs)
             Began as an Armataur Berserker on Feb 4, 2024.
             Was a High Priest of Trog.
             Escaped with the Orb
             ... and 5 runes
             ... and 6 gems on Feb 10, 2024!
             The game lasted 02:22:36 (52030 turns).

Amplified the Hoplite (Armataur Berserker)         Turns: 52030, Time: 02:22:37

Health: 278/278    AC: 42    Str: 36 (44) XL:     27
Magic:  23/23      EV: 12    Int: 12 (16) God:    Trog [*****.]
Gold:   4811       SH: 33    Dex: 15 (19) Spells: 26/26 levels left

rFire   + + .        E - +8 broad axe of Bumeuclo {drain, rPois rCorr}
rCold   + + +        T - +8 tower shield
rNeg    + . .        c - +4 gold dragon scales
rPois   +            P - +2 hat "Enotaassu" {rC+}
rElec   +            i - scarf {rC+ rF+}
rCorr   +            t - +0 pair of gloves of Ixaut {rElec Int+5}
SInv    .            a - +2 barding "Jiusk" {Str+3 Int+3}
Will    ++...        O - amulet "Qeaned" {Regen+ Str+3 Dex+5 Slay+2} Stlth
                     v - ring of Temptation {rN+ Dex+6}
HPRegen 1.46/turn    F - ring of Paranoia {Wiz rF+ rC+}
MPRegen 0.18/turn

%: roll, wizardry (x1)
@: studying 2 skills
A: large, deformed body, tough skin 3, armoured tail, roll 2, stinger 1, clumsy
1, deterioration 1, robust 1, strong 1, heat vulnerability 1, devolution 1
0: Orb of Zot
}: 5/15 runes: decaying, serpentine, slimy, silver, abyssal
a: Renounce Religion, Berserk, Trog's Hand, Brothers in Arms


You escaped.
You worshipped Trog.
Trog was extremely pleased with you.
You visited 11 branches of the dungeon, and saw 55 of its levels.
You visited the Abyss 1 time.
You visited 1 ziggurat, and saw 5 of its levels.
You also visited: Gauntlet, Ice Cave and Desolation.

You collected 8719 gold pieces.
You spent 3908 gold pieces at shops.

Inventory:

Hand Weapons
 b - a +9 broad axe of freezing
 z - the +3 broad axe of Optimality {heavy, rF+ Dex+4}
   (Trog gifted it to you on level 2 of the Snake Pit)

   Dex+4:     It affects your dexterity (+4).
   rF+:       It protects you from fire.
 E - the +8 broad axe of Bumeuclo (weapon) {drain, rPois rCorr}
   (You found it on level 5 of the Pits of Slime)

   rPois:     It protects you from poison rCorr: It protects you from acid and
   corrosion.
Missiles
 A - 3 throwing nets
 Q - 11 silver javelins
Armour
 a - the +2 barding "Jiusk" (worn) {Str+3 Int+3}
   (You acquired it on level 1 of the Snake Pit)

   Str+3:     It affects your strength (+3).
   Int+3:     It affects your intelligence (+3).
 c - +4 gold dragon scales (worn)
 i - a scarf of resistance (worn)
 q - the +2 pair of gloves of the Mertaur {^Contam Regen+ Str+8}
   (You acquired it on level 1 of the Snake Pit)

   Str+8:     It affects your strength (+8).
   ^Contam:   It causes magical contamination when unequipped.
   Regen+:    It increases your rate of health regeneration.
 r - the +1 pair of gloves of Qaamun {rC+ Str+2 Int+5}
   (You bought it in a shop on level 2 of the Depths)

   Str+2:     It affects your strength (+2).
   Int+5:     It affects your intelligence (+5).
   rC+:       It protects you from cold.
 t - the +0 pair of gloves of Ixaut (worn) {rElec Int+5}
   (You bought it in a shop on level 2 of the Orcish Mines)

   Int+5:     It affects your intelligence (+5).
   rElec:     It insulates you from electricity.
 P - the +2 hat "Enotaassu" (worn) {rC+}
   (You found it in a Gauntlet)

   rC+:       It protects you from cold.
 T - a +8 tower shield (worn)
Jewellery
 h - the amulet of Eternal Night {Acrobat Slay+2 SInv}
   (You found it on level 5 of the Vaults)

   [amulet of the acrobat]

   Acrobat:   It increases your evasion while moving and waiting.
   Slay+2:    It affects your accuracy & damage with ranged weapons and melee
   (+2).
   SInv:      It lets you see invisible.
 p - the ring of the Hare {EV+10}
   (You took it off a deep elf annihilator on level 3 of the Elven Halls)

   [ring of evasion]

   EV+10:     It affects your evasion (+10).
 v - the ring of Temptation (left hand) {rN+ Dex+6}
   (You took it off a ragged hierophant in the Desolation of Salt)

   [ring of dexterity]

   Dex+6:     It affects your dexterity (+6).
   rN+:       It protects you from negative energy.
 x - a +5 ring of evasion
 F - the ring of Paranoia (right hand) {Wiz rF+ rC+}
   (You found it in the Desolation of Salt)

   [ring of wizardry]

   Wiz:       It improves your spell success rate.
   rF+:       It protects you from fire.
   rC+:       It protects you from cold.
 G - the ring "Caotom" {rN+ Str+4}
   (You found it in the Desolation of Salt)

   [ring of positive energy]

   Str+4:     It affects your strength (+4).
   rN+:       It protects you from negative energy.
 O - the amulet "Qeaned" (around neck) {Regen+ Str+3 Dex+5 Slay+2}
   (You took it off a fire giant on level 3 of the Depths)

   [amulet of regeneration]

   Str+3:     It affects your strength (+3).
   Dex+5:     It affects your dexterity (+5).
   Slay+2:    It affects your accuracy & damage with ranged weapons and melee
   (+2).
   Regen+:    It increases your rate of health regeneration.
 V - the ring of Kuloif Visk {rCorr Int+5}
   (You bought it in a shop on level 2 of the Orcish Mines)

   [ring of resist corrosion]

   Int+5:     It affects your intelligence (+5).
   rCorr:     It protects you from acid and corrosion.
 Z - the ring "Zuttaur" {rF++ Will+ Int+6}
   (You found it on level 5 of the Vaults)

   [ring of intelligence]

   Int+6:     It affects your intelligence (+6).
   rF++:      It greatly protects you from fire.
   Will+:     It increases your willpower.
Wands
 j - a wand of flame (9)
 n - a wand of charming (4)
 w - a wand of roots (46)
 C - a wand of digging (5)
 X - a wand of quicksilver (27)
Scrolls
 d - 13 scrolls of teleportation
 e - 4 scrolls of poison
 m - a scroll of vulnerability
 o - a scroll of silence
 s - 14 scrolls of fear
 I - 5 scrolls of blinking
 K - 6 scrolls of immolation
 M - 3 scrolls of butterflies
 S - 2 scrolls of torment
 W - 3 scrolls of fog
Potions
 g - 4 potions of cancellation
 k - 6 potions of lignification
 l - 7 potions of ambrosia
 u - 7 potions of might
 D - 9 potions of curing
 J - 9 potions of heal wounds
 U - a potion of resistance
Miscellaneous
 f - a lightning rod (4/4)
 y - a sack of spiders
 L - a phial of floods
 Y - a phantom mirror


   Skills:
 * Level 21.7 Fighting
 - Level 18.3 Axes
 * Level 26.3 Armour
 * Level 17.9 Dodging
 * Level 26.4 Shields


You had 26 spell levels left.
You didn't know any spells.
Your spell library contained the following spells:

 Spells                   Type           Power      Damage    Failure   Level
 Apportation              Tloc           0%         N/A       47%         1
 Magic Dart               Conj           0%         1d3       47%         1
 Necrotise                Necr           0%         1d4       47%         1
 Sting                    Conj/Alch      0%         1d3       47%         1
 Summon Small Mammal      Summ           0%         N/A       47%         1
 Jinxbite                 Hex            0%         N/A       61%         2
 Mercury Vapours          Alch/Air       0%         N/A       61%         2
 Searing Ray              Conj           0%         2d4       61%         2
 Static Discharge         Conj/Air       0%         3-3/arc   61%         2
 Sublimation of Blood     Necr           0%         N/A       61%         2
 Call Canine Familiar     Summ           0%         N/A       83%         3
 Frozen Ramparts          Ice            0%         1d1       83%         3
 Gell's Gravitas          Tloc           0%         N/A       83%         3
 Ozocubu's Armour         Ice            0%         N/A       83%         3
 Stone Arrow              Conj/Erth      0%         3d7       83%         3
 Teleport Other           Tloc           0%         N/A       83%         3
 Vampiric Draining        Necr           0%         2d6       83%         3
 Volatile Blastmotes      Fire/Tloc      0%         2d10      83%         3
 Anguish                  Hex/Necr       0%         N/A       99%         4
 Animate Dead             Necr           0%         N/A       99%         4
 Dispel Undead            Necr           0%         3d6       99%         4
 Flame Wave               Conj/Fire      0%         2d4       99%         4
 Fulminant Prism          Conj/Alch      0%         3d5       99%         4
 Olgreb's Toxic Radiance  Alch           0%         N/A       99%         4
 Petrify                  Alch/Erth      0%         N/A       99%         4
 Sticky Flame             Fire/Alch      0%         2d4       99%         4
 Summon Blazeheart Golem  Fire/Summ      0%         N/A       99%         4
 Vhi's Electric Charge    Tloc/Air       0%         N/A       99%         4
 Alistair's Intoxication  Alch           0%         N/A       100%        5
 Arcjolt                  Conj/Air       0%         1d10      100%        5
 Borgnjor's Vile Clutch   Necr/Erth      0%         N/A       100%        5
 Iskenderun's Battlesphe  Conj           0%         2d6       100%        5
 Summon Forest            Summ/Tloc      0%         N/A       100%        5
 Bombard                  Conj/Erth      0%         9d1       100%        6
 Death Channel            Necr           0%         N/A       100%        6
 Dispersal                Tloc           0%         N/A       100%        6
 Eringya's Noxious Bog    Alch           0%         4d6       100%        6
 Plasma Beam              Fire/Air       0%         2x1d10    100%        6
 Sculpt Simulacrum        Ice/Alch       0%         N/A       100%        6
 Starburst                Conj/Fire      0%         6d3       100%        6
 Summon Cactus Giant      Summ           0%         N/A       100%        6
 Enfeeble                 Hex            0%         N/A       100%        7
 Haunt                    Necr/Summ      0%         N/A       100%        7
 Ozocubu's Refrigeration  Ice            0%         4d7       100%        7
 Spellforged Servitor     Conj/Summ      0%         N/A       100%        7
 Summon Hydra             Summ           0%         N/A       100%        7
 Borgnjor's Revivificati  Necr           0%         N/A       100%        8
 Discord                  Hex            0%         N/A       100%        8
 Infestation              Necr           0%         N/A       100%        8
 Chain Lightning          Conj/Air       0%         N/A       100%        9
 Death's Door             Necr           0%         N/A       100%        9
 Fire Storm               Conj/Fire      0%         5d1       100%        9
 Shatter                  Erth           0%         3d5*      100%        9


Dungeon Overview and Level Annotations

Branches:
Dungeon (15/15)            Temple (0/1) D:6            Lair (5/5) D:11
  Swamp (4/4) Lair:3        Snake (4/4) Lair:3        Slime (5/5) Lair:5
    Orc (2/2) D:12            Elf (3/3) Orc:2        Vaults (5/5) D:13
  Crypt (3/3) Vaults:3       Tomb (0/3) Crypt:3      Depths (4/4) D:15
    Zot (5/5) Depths:4      IceCv (visited)         Desolation (visited)
Gauntlet (visited)

Altars:
Ashenzari
Cheibriados
Dithmenos
Elyvilon
Fedhas
Gozag
Hepliaklqana
Kikubaaqudgha
Nemelex Xobeh
Okawaru
Trog
Uskayaw
Vehumet
Wu Jian
Zin
The Shining One
Jiyva

Shops:
D:7 ***   D:10 (   Orc:2 [*!*   Snake:1 =:   Snake:2 [   Vaults:1 [
Vaults:2 (   Vaults:3 *   Depths:2 ?=*   Depths:3 *

Portals:
Hell: Depths:1 Depths:2 Depths:3 Depths:4
Abyss: Depths:2 Depths:3
Pandemonium: Depths:2 Depths:4

Annotations:
Snake:1 Acquire, Roxanne
Snake:2 Vashnia


Innate Abilities, Weirdness & Mutations

Armour fits poorly on your strangely shaped body.
You have extremely tough skin. (AC +3)
You have a long armoured tail.
You regenerate magic and health when rolling toward enemies. (Rampage Regen)
Your tail ends in a venomous barb.
You are clumsy. (Dex -2)
Your body sometimes deteriorates upon taking damage.
You are robust. (+10% HP)
Your muscles are strong. (Str +4, Int/Dex -1)
You are vulnerable to heat. (rF-)
You have hidden genetic defects.


Message History

A rock wall.
This square is covered in magical glow.
The rock shatters into small pieces.
The daeva calls down the wrath of the Shining One upon you.
The Shining One smites you!
Unknown command.
There is a stone staircase leading up here.
You climb upwards.
There is a stone staircase leading down here.
Unknown command.
What level of the Dungeon? (default 1, ? - help)
There is a stone staircase leading up here.
You climb upwards.
There is a stone staircase leading down here.
HP restored.
There is a stone staircase leading up here.
You climb upwards.
There is a stone staircase leading down here.
There is a stone staircase leading up here.
You climb upwards.
There is a stone staircase leading down here.
A small abomination and an ice devil come into view.
The small abomination moves out of view.
The ice devil moves out of view.
There is a stone staircase leading up here.
You climb upwards.
There is a stone staircase leading down here.
Unknown command.
Unknown command.
What level of the Dungeon? (default 1, ? - help)
There is a stone staircase leading up here.
You climb upwards.
There is a stone staircase leading down here.
Aiming: Dig
Press: ? - help, Shift-Dir - straight line A rock wall.
This square is covered in magical glow.
The rock shatters into small pieces.
There is a staircase leading out of the dungeon here.
You have escaped!

.†................###...........#
##########.#.......##...........#
#...#....#.###...#.#............#
....##.....# ###...#.######+###.#
.#...############..#.######.# #.#
.#.......§......#..#.#....#.# #.#
.#.....≈≈§≈≈.......#.#.##.#.# #.#
.#....≈≈≈§≈≈≈......#........###.#
......≈≈(>(≈≈...@..####.#....##.#
##....§§≈≈≈≈≈......#....####.#..#
#.....≈≈≈§≈.........#..####...##
#........§.....#....#..##....###
#...############..........#.....
##..## #.....#....#####. #...#
#..##.#..#.#.....
#.###############..>....##.#.#.##
#.................#.#.#.##.#.####


There were no monsters in sight!

Vanquished Creatures
  the Royal Jelly (Slime:5)
  A pandemonium lord (D:9)
  A dread lich (Zot:5)
  4 orbs of fire
  3 ancient liches
  Mara (Depths:2)
  Vv (Crypt:1)
  6 Killer Klowns (Zot:5)
  The ghost of Emnejil the Slayer, a master VSBe of Trog (Zot:2)
  Bai Suzhen (Snake:4)
  A curse toe (Zot:3)
  A caustic shrike (Depths:3)
  13 golden dragons
  4 bone dragons
  An electric golem (Zot:5)
  13 tentacled monstrosities
  A walking crystal tome (Depths:3)
  Zenata (Elf:2)
  7 quicksilver dragons
  23 Orb Guardians
  5 liches
  A deep elf master archer (Elf:3)
  9 titans (Vaults:5)
  2 sphinxes (Vaults:4)
  An Executioner (Abyss:3)
  A deep elf blademaster (Elf:3)
  A tentacled starspawn (Abyss:3)
  10 acid blobs
  2 ancient champions
  A thorn hunter (Swamp:3)
  6 death cobs
  10 storm dragons
  7 shadow dragons
  3 tengu reavers
  2 revenants
  Aizul (Snake:1)
  3 fenstrider witches
  11 protean progenitors
  Donald (Vaults:2)
  8 azure jellies
  A draconian monk (Zot:5)
  The ghost of Xif Uqaera the Impaler, a journeyman MiFi of Okawaru (Elf:2)
  19 rockslimes
  11 frost giants
  5 draconian knights
  16 vault wardens
  4 nagarajas
  12 fire giants
  9 draconian scorchers
  2 imperial myrmidons (Desolation)
  4 draconian shifters
  A balrug (Depths:4)
  7 deep elf sorcerers
  5 deep elf elementalists
  An iron dragon (Depths:1)
  2 ghost moths (Zot:4)
  2 reapers
  3 orc warlords
  6 ghouls
  19 ironbound preservers
  5 draconian stormcallers (Zot:3)
  24 very ugly things
  2 cacodemons (Abyss:3)
  18 stone giants
  9 draconian annihilators
  12 quicksilver oozes
  11 vampire knights
  A caustic shrike skeleton (Crypt:3)
  5 ironbound thunderhulks
  13 deep elf death magi
  A formless jellyfish (Vaults:2)
  8 green draconians
  2 juggernaut skeletons
  10 dire elephants
  2 eleionomae
  5 deep elf demonologists
  6 war gargoyles
  4 red draconians
  13 deep elf annihilators
  3 halazid warlocks (Desolation)
  10 black draconians
  A minotaur (Gauntlet)
  5 spark wasps
  13 white draconians
  8 purple draconians
  8 bunyips
  15 ettins
  10 yellow draconians
  5 eidola
  Snorg (Orc:2)
  7 ragged hierophants (Desolation)
  8 fire dragons
  8 jiangshi
  Josephine (Lair:4)
  7 yaktaur captains
  4 crystal guardians
  3 blizzard demons
  5 great orbs of eyes
  3 deep elf high priests (Elf:3)
  2 caustic shrike simulacra
  A shambling mangrove (Swamp:1)
  4 rakshasas
  2 entropy weavers
  26 vault guards
  5 hydras
  6 peacekeepers
  10 ice dragons
  Erolcha (Orc:2)
  Fannar (D:12)
  6 salamander tyrants
  2 spriggan air magi
  14 alligators
  2 hell beasts
  4 servants of whispers (Desolation)
  5 ogre magi
  A sphinx zombie (Depths:2)
  11 centaur warriors
  7 ghost crabs
  2 radroaches (Zot:4)
  A catoblepas (Lair:3)
  2 jorogumos (Zot:4)
  A satyr (Zot:1)
  36 dancing weapons
  A deep troll shaman (Depths:4)
  24 two-headed ogres
  15 anacondas
  12 ironbound frosthearts
  2 death knights
  An azure jelly zombie (Crypt:1)
  7 boulder beetles
  An orc high priest (Elf:1)
  4 tengu warriors
  A titan zombie (Crypt:3)
  7 death yaks
  4 hell hogs (Abyss:3)
  3 thrashing horrors (Abyss:3)
  4 occultists (Depths:2)
  A death scarab (Gauntlet)
  A sphinx skeleton (Depths:2)
  5 deep troll earth magi
  18 naga sharpshooters
  5 vampire magi
  16 naga warriors
  A spriggan berserker (Depths:3)
  4 sun demons
  13 hell knights
  2 soul eaters
  2 shock serpents
  6 iron trolls
  3 wretched stars (Abyss:3)
  14 deep elf knights
  A fire crab (Lair:4)
  A skyshark (Lair:5)
  A sixfirhy (Abyss:3)
  23 skeletal warriors
  A spatial maelstrom (Abyss:3)
  A golden dragon zombie (Depths:1)
  8 spriggan druids
  11 arcanists
  46 deep trolls
  2 flayed ghosts
  5 shadow wraiths
  A storm dragon skeleton (Depths:3)
  3 death drakes (Zot:4)
  5 mana vipers
  3 goliath frogs
  6 salamander mystics
  Lodul (D:11)
  A shock serpent (shapeshifter) (Depths:2)
  9 naga ritualists
  2 spectral alligators (Swamp:4)
  4 swamp dragons
  An orange crystal statue (Zig:5)
  13 bog bodies
  A mana viper (shapeshifter) (Depths:2)
  4 glowing orange brains
  An obsidian statue (Zot:5)
  19 ironbound convokers
  2 spectral hydras (Swamp:4)
  8 deep elf archers
  4 harpies
  6 large abominations
  An anaconda skeleton (Crypt:3)
  31 deep elf pyromancers
  2 shadow dragon skeletons
  4 lindwurms
  11 orc knights
  An alligator zombie (Swamp:4)
  13 phantasmal warriors
  16 necromancers
  5 orc sorcerers
  A shining eye (Abyss:3)
  35 deep elf zephyrmancers
  2 wolf spiders (Lair:5)
  2 manticores
  5 will-o-the-wisps
  A broodmother zombie (Crypt:1)
  A worldbinder (Abyss:3)
  50 ugly things
  21 elephants
  2 tengu skeletons (Depths:2)
  Maurice (D:11)
  38 salamanders
  4 cyclopes
  A fire giant skeleton (Vaults:2)
  21 moths of wrath
  A kobold blastminer (Orc:2)
  2 iron dragon skeletons
  A stone giant skeleton (Depths:2)
  A torpor snail (shapeshifter) (Depths:2)
  An ice statue (IceCv)
  An apocalypse crab (Gauntlet)
  23 naga magi
  16 vault sentinels
  2 smoke demons
  A black mamba (shapeshifter) (D:15)
  13 guardian serpents
  A cane toad (shapeshifter) (Elf:2)
  2 molten gargoyles (Desolation)
  33 black mambas
  21 cane toads
  3 gargoyles
  5 swamp worm zombies (Swamp:4)
  2 efreet
  2 rime drakes
  12 komodo dragons
  10 freezing wraiths
  20 yaktaurs
  2 spark wasp simulacra (Depths:2)
  6 tengu conjurers
  2 anaconda simulacra (IceCv)
  A guardian mummy (Crypt:1)
  11 ice devils (IceCv)
  An ancient zyme (Abyss:3)
  A yaktaur skeleton (Vaults:2)
  2 hydra zombies
  8 tyrant leeches
  A polar bear (Lair:5)
  A bloated husk (Swamp:3)
  A merfolk (shapeshifter) (Depths:2)
  4 trolls
  A harpy zombie (Crypt:1)
  19 blink frogs
  16 hornets
  50 saltlings (Desolation)
  A dream sheep (shapeshifter) (Vaults:5)
  4 glass eyes
  A frost giant simulacrum (Depths:3)
  3 raiju (Abyss:3)
  2 spriggan zombies
  7 dream sheep (Lair:5)
  72 slime creatures
  2 spectral swamp dragons (Swamp:4)
  2 air elementals
  A spriggan (shapeshifter) (Depths:2)
  An ettin skeleton (Crypt:1)
  3 shadows
  14 spriggans
  4 water elementals
  18 wyverns
  5 vampires
  A satyr skeleton (Crypt:2)
  24 yaks
  12 wraiths
  A ynoxinul (Abyss:3)
  6 basilisks
  A dire elephant simulacrum (IceCv)
  2 starcursed masses (Abyss:3)
  2 steam dragons
  2 fire bats (D:11)
  5 fire elementals
  4 redbacks
  3 tyrant leech zombies (Swamp:4)
  13 golden eyes
  A human (shapeshifter) (Elf:2)
  2 wargs
  7 vampire mosquitoes
  31 small abominations (Abyss:3)
  A redback (shapeshifter) (Vaults:3)
  34 nagas
  4 death yak simulacra (IceCv)
  18 swamp worms
  3 harpy simulacra
  A spectral cane toad (Gauntlet)
  2 glowing shapeshifter zombies
  A deep troll zombie (Crypt:3)
  32 water moccasins
  A hell hound (Abyss:3)
  2 hydra simulacra (IceCv)
  A merfolk skeleton (Crypt:2)
  26 orc warriors
  A swamp drake (Swamp:1)
  6 human skeletons
  A sky beast (D:7)
  40 laughing skulls
  3 ice beasts
  2 black bears
  A black bear (shapeshifter) (D:15)
  36 ogres
  6 swamp dragon zombies (Swamp:4)
  A dream sheep skeleton (Crypt:1)
  11 wolves
  A rime drake zombie (Crypt:2)
  8 weeping skulls (Abyss:3)
  9 phantoms (Swamp:4)
  A kobold brigand (D:9)
  A gnoll sergeant (D:9)
  A salamander skeleton (Crypt:2)
  15 bullfrogs
  4 earth elementals
  4 necrophages
  2 scorpions
  A wyvern skeleton (Crypt:1)
  An elf skeleton (Crypt:1)
  7 wights (D:8)
  6 cane toad simulacra (IceCv)
  A yak zombie (Crypt:2)
  2 elephant simulacra (IceCv)
  4 killer bees (D:9)
  A shapeshifter skeleton (Crypt:2)
  3 howler monkeys (D:9)
  3 lava snakes (Snake:4)
  2 hounds
  2 human zombies (Crypt:1)
  6 jellies
  25 orc priests
  2 bombardier beetles (D:5)
  Crazy Yiuf (D:2)
  A black bear skeleton (Crypt:2)
  An iron imp (Abyss:3)
  Jessica (D:2)
  3 iguanas
  21 orc wizards
  3 polar bear simulacra (IceCv)
  2 troll simulacra (IceCv)
  5 wolf simulacra (IceCv)
  A spriggan simulacrum (IceCv)
  2 mummies (Crypt:1)
  11 gnolls
  6 adders
  2 naga simulacra (IceCv)
  A swamp drake zombie (Crypt:1)
  A shadow imp (Abyss:3)
  A swamp drake skeleton (Crypt:1)
  A ribbon worm zombie (Crypt:1)
  2 white imps
  3 ufetubi
  A lava snake skeleton (Crypt:1)
  A ribbon worm (D:2)
  3 dart slugs
  66 orcs
  6 bats
  3 endoplasms
  A giant cockroach (D:1)
  5 goblins
  6 hobgoblins
  2 jackals (D:5)
  3 quokkas
  7 ball pythons
  3 frilled lizards
  11 kobolds
  A quokka skeleton (Crypt:1)
  2 quokka zombies (D:7)
  4 rats
  An aspiring flesh (Zot:1)
  A spectral weapon (Elf:2)
2467 creatures vanquished.

Vanquished Creatures (collateral kills)
  A pandemonium lord (Zot:5)
  Jorgrun (Swamp:1)
  A rockslime (Slime:5)
  An orange demon (Zot:5)
  A slime creature (Slime:5)
5 creatures vanquished.

Vanquished Creatures (others)
  A death cob (Zot:3)
  A draconian knight (Zot:5)
  A fire giant (Depths:2)
  A deep elf pyromancer (Elf:1)
  A deep elf zephyrmancer (Elf:1)
  An ugly thing (Depths:2)
  A guardian serpent (Desolation)
  A naga mage (Zig:4)
  An unseen horror (shapeshifter) (Vaults:1)
  4 bloated husks
  A saltling (Desolation)
  2 spectral swamp dragons (Swamp:4)
  A water elemental (Depths:1)
  2 humans (Depths:2)
  2 phantoms (Swamp:4)
  20 foxfires
  A lurking horror (Abyss:3)
  2 starspawn tentacles (Abyss:3)
44 creatures vanquished.

Grand Total: 2516 creatures vanquished

Notes
Turn   | Place    | Note
-------+----------+-------------------------------------------
     0 | D:1      | Amplified the Armataur Berserker began the quest for the
                  | Orb.
     0 | D:1      | Reached XP level 1. HP: 18/18 MP: 1/1
   236 | D:1      | Reached XP level 2. HP: 25/25 MP: 2/2
   734 | D:2      | Reached XP level 3. HP: 29/31 MP: 3/3
   810 | D:2      | Noticed Jessica
   818 | D:2      | Killed Jessica
   818 | D:2      | Reached ** piety under Trog
  1106 | D:2      | Identified a scroll of acquirement
  1106 | D:2      | Acquired a +3 broad axe of venom
  1252 | D:2      | Reached XP level 4. HP: 38/38 MP: 4/4
  1493 | D:2      | Found a runed translucent door.
  1494 | D:2      | Noticed Crazy Yiuf
  1500 | D:2      | Killed Crazy Yiuf
  1602 | D:3      | Reached XP level 5. HP: 44/45 MP: 5/5
  1724 | D:3      | Found a glowing silver altar of Zin.
  1724 | D:3      | Found a white marble altar of Elyvilon.
  1869 | D:3      | Gained mutation: You have a pair of small horns on your
                  | head. [potion of mutation]
  1869 | D:3      | Gained mutation: You have supernaturally acute eyesight.
                  | (SInv) [potion of mutation]
  1907 | D:3      | Found a glowing golden altar of the Shining One.
  2211 | D:3      | Found an ornate altar of the Wu Jian Council.
  2470 | D:4      | Found a sparkling altar of Nemelex Xobeh.
  2470 | D:4      | Found an opulent altar of Gozag.
  2494 | D:4      | You fall into a shaft and drop 1 floor!
  2494 | D:5      | Entered Level 5 of the Dungeon
  2577 | D:5      | Reached XP level 6. HP: 51/52 MP: 6/6
  2579 | D:5      | Noticed an ice beast
  2584 | D:5      | Killed an ice beast
  2812 | D:5      | Gained mutation: You regenerate magic and health when
                  | rolling toward enemies. (Rampage Regen) [Armataur growth]
  2812 | D:5      | Reached XP level 7. HP: 59/59 MP: 7/7
  2925 | D:5      | Found an ancient bone altar of Kikubaaqudgha.
  2935 | D:5      | Reached skill level 5 in Armour
  3315 | D:6      | Reached skill level 5 in Axes
  3353 | D:6      | Found a radiant altar of Vehumet.
  3411 | D:6      | Found a staircase to the Ecumenical Temple.
  3512 | D:6      | Reached *** piety under Trog
  3710 | D:7      | Found an iron altar of Okawaru.
  3751 | D:7      | Found a blossoming altar of Fedhas.
  3994 | D:7      | Reached XP level 8. HP: 67/67 MP: 8/8
  4005 | D:7      | Found Baxor's Elemental Accessories.
  4203 | D:7      | Identified the +8 spear "Suaptite" {antimagic, Dex+2}
  4235 | D:7      | Reached skill level 5 in Fighting
  4341 | D:7      | Identified the +6 flail "Tyjorik" {speed, ^Fragile rElec
                  | rPois Str+3}
  4353 | D:7      | Found a hazy altar of Hepliaklqana.
  4384 | D:7      | Found a hide-covered altar of Uskayaw.
  4390 | D:7      | Found a broken altar of Ashenzari.
  4539 | D:7      | Noticed a two-headed ogre
  4543 | D:7      | Killed a two-headed ogre
  4544 | D:7      | Reached XP level 9. HP: 55/75 MP: 9/9
  4608 | D:7      | Found Lily's Specific Store.
  4609 | D:7      | Noticed a gargoyle
  4610 | D:7      | Found Acuakog's General Store.
  4615 | D:7      | Killed a gargoyle
  4624 | D:7      | Bought a scroll of teleportation for 42 gold pieces
  4624 | D:7      | Bought a potion of might for 56 gold pieces
  4624 | D:7      | Bought a scroll of enchant weapon for 105 gold pieces
  4626 | D:7      | Bought a +0 broad axe for 56 gold pieces
  5358 | D:8      | Reached **** piety under Trog
  5447 | D:8      | Noticed a two-headed ogre
  5453 | D:8      | Killed a two-headed ogre
  5454 | D:8      | Reached skill level 5 in Dodging
  5610 | D:9      | Reached XP level 10. HP: 40/84 MP: 10/10
  6142 | D:9      | Noticed a rust devil
  6145 | D:9      | Noticed a rust devil
  6261 | D:10     | Entered Level 10 of the Dungeon
  6275 | D:10     | Noticed a gargoyle
  6283 | D:10     | Killed a gargoyle
  6294 | D:10     | Found a snail-covered altar of Cheibriados.
  6366 | D:10     | Noticed a two-headed ogre
  6371 | D:10     | Killed a two-headed ogre
  6465 | D:10     | Noticed a two-headed ogre
  6471 | D:10     | Killed a two-headed ogre
  6533 | D:10     | Noticed a two-headed ogre
  6537 | D:10     | Killed a two-headed ogre
  6705 | D:10     | Found Qoacs's Antique Weapon Boutique.
  6970 | D:11     | Found a staircase to the Lair.
  7145 | D:11     | Noticed a green ugly thing
  7152 | D:11     | Killed a green ugly thing
  7153 | D:11     | Reached XP level 11. HP: 92/93 MP: 11/11
  7399 | D:11     | Noticed Lodul
  7417 | D:11     | Killed Lodul
  7493 | D:11     | Noticed Maurice
  7498 | D:11     | Noticed a two-headed ogre
  7498 | D:11     | Maurice stole the +6 flail "Tyjorik" {speed, ^Fragile rElec
                  | rPois Str+3}
  7500 | D:11     | Killed Maurice
  7501 | D:11     | Reached skill level 10 in Armour
  7508 | D:11     | Killed a two-headed ogre
  7509 | D:11     | Reached skill level 10 in Axes
  7509 | D:11     | Noticed a two-headed ogre
  7516 | D:11     | Killed a two-headed ogre
  7789 | D:11     | Noticed Sonja
  7790 | D:11     | Sonja changed into Sonja the scorpion
  7790 | D:11     | Noticed Sonja
  7791 | D:11     | Noticed a fire dragon
  7806 | D:11     | Killed a fire dragon
  7807 | D:11     | Killed Sonja the scorpion
  7935 | D:11     | Found the +7 great mace "Firestarter" {flame, immolate,
                  | rFlCloud rF++}
  8242 | D:12     | Noticed Fannar
  8249 | D:12     | Killed Fannar
  8638 | D:12     | Found a staircase to the Orcish Mines.
  8647 | D:12     | Reached XP level 12. HP: 103/103 MP: 12/12
  9607 | Orc:1    | Entered Level 1 of the Orcish Mines
 10147 | Orc:2    | Entered Level 2 of the Orcish Mines
 10149 | Orc:2    | Noticed Snorg
 10185 | Orc:2    | Noticed an orc warlord
 10187 | Orc:2    | Noticed Erolcha
 10195 | Orc:1    | Reached ***** piety under Trog
 10252 | D:13     | Found a gate to the Vaults.
 10252 | D:13     | Noticed a vault guard
 10256 | D:13     | Killed a vault guard
 10362 | D:13     | Found a bloodstained altar of Trog.
 10833 | D:13     | Noticed a boulder beetle
 10839 | D:13     | Killed a boulder beetle
 11390 | D:14     | Noticed a centaur warrior
 11396 | D:14     | Killed a centaur warrior
 11770 | D:14     | Reached XP level 13. HP: 113/113 MP: 13/13
 11887 | D:14     | Reached skill level 1 in Shields
 12403 | D:15     | Entered Level 15 of the Dungeon
 12447 | D:15     | Found a gate leading to a gauntlet.
 12456 | Gauntlet | Entered a Gauntlet
 12456 | Gauntlet | Found a transporter.
 12456 | Gauntlet | Found a transporter.
 12457 | Gauntlet | Found a transporter.
 12460 | Gauntlet | Found a transporter.
 12460 | Gauntlet | Found a transporter.
 12462 | Gauntlet | Found a transporter.
 12470 | Gauntlet | Found a transporter.
 12474 | Gauntlet | Found a transporter.
 12484 | Gauntlet | Found a transporter.
 12589 | Gauntlet | Found a transporter.
 12589 | Gauntlet | Found a transporter.
 12599 | Gauntlet | Found a transporter.
 12680 | Gauntlet | Reached skill level 10 in Fighting
 12738 | Gauntlet | Identified the +2 hat "Enotaassu" {rC+}
 12769 | Gauntlet | Noticed a minotaur
 12778 | Gauntlet | Killed a minotaur
 13186 | D:15     | Found a staircase to the Depths.
 13214 | D:15     | Reached skill level 5 in Shields
 13558 | D:15     | Received a gift from Trog
 13819 | Lair:1   | Entered Level 1 of the Lair of Beasts
 13950 | Lair:1   | You fall into a shaft and drop 1 floor!
 14103 | Lair:3   | Reached XP level 14. HP: 76/122 MP: 14/14
 14151 | Lair:3   | Found a staircase to the Swamp.
 14365 | Lair:4   | Noticed Josephine
 14376 | Lair:4   | Killed Josephine
 14389 | Lair:4   | Found a frozen archway.
 14398 | IceCv    | Entered an ice cave
 14606 | IceCv    | Found an ancient bone altar of Kikubaaqudgha.
 14809 | IceCv    | Identified the ring "Ugaduomm" {rN+ MP+9 Int+8 Dex-4}
 14928 | Lair:5   | Entered Level 5 of the Lair of Beasts
 15047 | Lair:5   | Reached skill level 10 in Shields
 15067 | Lair:5   | Paralysed by a hornet for 3 turns
 15242 | Lair:5   | Got an earthy gem with 2846 turns to spare
 15445 | Lair:5   | Reached XP level 15. HP: 113/132 MP: 5/15
 15700 | Lair:5   | Identified the +3 rapier of False Accusations {flame,
                  | +Blink rC+ SInv}
 15754 | Lair:5   | Received a gift from Trog
 15792 | Lair:5   | Reached skill level 15 in Axes
 15976 | Lair:5   | Found a staircase to the Slime Pits.
 15978 | Lair:5   | Found a viscous altar of Jiyva.
 17710 | Lair:3   | Found a staircase to the Snake Pit.
 18166 | Lair:2   | Found an ancient bone altar of Kikubaaqudgha.
 18348 | Lair:1   | Received a gift from Trog
 19228 | Orc:2    | Killed Snorg
 19275 | Orc:2    | Killed Erolcha
 19329 | Orc:2    | Found a staircase to the Elven Halls.
 19373 | Orc:2    | Received a gift from Trog
 19536 | Orc:2    | Reached XP level 16. HP: 137/139 MP: 16/16
 19571 | Orc:2    | Found Ivuqeczaxte's Antique Armour Emporium.
 19571 | Orc:2    | Found Veomp's General Store.
 19572 | Orc:2    | Found Cogh's Distillery.
 19572 | Orc:2    | Found Giusokong's Assorted Antiques.
 19582 | Orc:2    | Bought a pair of twisted gloves for 275 gold pieces
 19582 | Orc:2    | Identified the +0 pair of gloves of Ixaut {rElec Int+5}
                  | (You bought it in a shop on level 2 of the Orcish Mines)
 19583 | Orc:2    | Bought a potion of haste for 150 gold pieces
 19583 | Orc:2    | Bought a potion of haste for 150 gold pieces
 19583 | Orc:2    | Bought a potion of curing for 45 gold pieces
 19583 | Orc:2    | Bought a potion of heal wounds for 75 gold pieces
 19583 | Orc:2    | Bought a potion of might for 60 gold pieces
 19583 | Orc:2    | Bought a potion of ambrosia for 120 gold pieces
 19583 | Orc:2    | Bought a potion of cancellation for 120 gold pieces
 19584 | Orc:2    | Bought a scroll labelled QEYDID NERCHIJAPS for 27 gold
                  | pieces
 19584 | Orc:2    | Bought 3 scrolls labelled QEYDID NERCHIJAPS for 81 gold
                  | pieces
 19584 | Orc:2    | Bought a twisted wooden wand for 108 gold pieces
 19585 | Orc:2    | Bought the ring of Kuloif Visk {rCorr Int+5} for 525 gold
                  | pieces
 19585 | Orc:2    | Bought a scroll of enchant armour for 105 gold pieces
 19585 | Orc:2    | Bought a scroll of teleportation for 42 gold pieces
 19585 | Orc:2    | Bought a scroll of fear for 56 gold pieces
 19585 | Orc:2    | Bought a wand of quicksilver (3) for 176 gold pieces
 19734 | Orc:2    | Received a gift from Trog
 19969 | Orc:2    | Bought a +2 ring mail of poison resistance for 252 gold
                  | pieces
 20457 | Snake:1  | Entered Level 1 of the Snake Pit
 20652 | Snake:1  | Noticed Roxanne
 20692 | Snake:1  | Identified the serpent talisman of the Sky {rF- Dex+2
                  | Stlth+}
 20692 | Snake:1  | Noticed Aizul
 20714 | Snake:1  | Killed Aizul
 21267 | Snake:1  | Found Xisisuots's Book Shoppe.
 21267 | Snake:1  | Found Viczastro's Jewellery Boutique.
 21269 | Snake:1  | Found Lotucox's Book Shoppe.
 21288 | Snake:2  | Found Somu's Armour Boutique.
 21307 | Snake:2  | Identified the +3 broad axe of Optimality {heavy, rF+
                  | Dex+4} (Trog gifted it to you on level 2 of the Snake Pit)
 21307 | Snake:2  | Received a gift from Trog
 21565 | Snake:4  | Entered Level 4 of the Snake Pit
 21673 | Snake:4  | Noticed Bai Suzhen
 21688 | Snake:4  | Killed Bai Suzhen
 22258 | Snake:3  | Reached skill level 15 in Shields
 22796 | Snake:2  | Noticed Vashnia
 23031 | Snake:4  | Reached XP level 17. HP: 133/146 MP: 17/17
 23255 | Snake:4  | Identified the +1 broad axe of Spring {flame, rN+ rCorr
                  | Str+4 Dex-3} (Trog gifted it to you on level 4 of the Snake
                  | Pit)
 23255 | Snake:4  | Received a gift from Trog
 24219 | Snake:4  | Identified the staff "Giom" {Will+ Conj Air}
 24730 | Snake:4  | Received a gift from Trog
 25271 | Snake:4  | Got a serpentine rune of Zot
 25976 | Snake:1  | Acquired the +2 barding "Jiusk" {Str+3 Int+3}
 26101 | D:11     | Acquired the +2 pair of gloves of the Mertaur {^Contam
                  | Regen+ Str+8}
 26196 | Swamp:1  | Entered Level 1 of the Swamp
 26365 | Swamp:3  | Received a gift from Trog
 26379 | Swamp:4  | Entered Level 4 of the Swamp
 26443 | Swamp:4  | Reached XP level 18. HP: 126/155 MP: 18/18
 26475 | Swamp:4  | Identified the ring of Xom's Malicious Joy {^Drain Will+
                  | Int+6}
 26674 | Swamp:4  | Received a gift from Trog
 26736 | Swamp:4  | Noticed a bone dragon
 26755 | Swamp:4  | Killed a bone dragon
 26785 | Swamp:4  | Got a mossy gem with 1236 turns to spare
 26787 | Swamp:4  | Got a decaying rune of Zot
 27512 | Swamp:2  | Received a gift from Trog
 27825 | Swamp:2  | Noticed a tentacled monstrosity
 27833 | Swamp:2  | Killed a tentacled monstrosity
 27903 | Swamp:2  | Reached skill level 15 in Armour
 28348 | Swamp:1  | Noticed Jorgrun
 28355 | Swamp:1  | Killed Jorgrun
 28392 | Swamp:1  | Reached skill level 10 in Dodging
 28663 | Swamp:1  | Noticed a tentacled monstrosity
 28671 | Swamp:1  | Killed a tentacled monstrosity
 28967 | Vaults:1 | Entered Level 1 of the Vaults
 29037 | Vaults:1 | Found Nuixtosk's Antique Armour Emporium.
 29206 | Vaults:1 | Received a gift from Trog
 29276 | Vaults:1 | Reached XP level 19. HP: 111/166 MP: 19/19
 29870 | Vaults:1 | Reached ****** piety under Trog
 29918 | Vaults:1 | Received a gift from Trog
 30188 | Vaults:2 | Noticed Donald
 30204 | Vaults:2 | Killed Donald
 30223 | Vaults:2 | Found Baownix's Weapon Boutique.
 31220 | Vaults:3 | Received a gift from Trog
 31335 | Vaults:3 | Found Wotsonn's Assorted Antiques.
 31356 | Vaults:3 | Bought a scroll of enchant armour for 360 gold pieces
 31535 | Vaults:3 | Received a gift from Trog
 31538 | Vaults:3 | Reached XP level 20. HP: 176/176 MP: 20/20
 32246 | Vaults:3 | Found a staircase to the Crypt.
 32387 | Vaults:4 | Reached skill level 15 in Fighting
 32435 | Vaults:4 | Found a crumbling gateway.
 32446 | Desolati | Entered the Desolation of Salt
 32472 | Desolati | Received a gift from Trog
 32481 | Desolati | Identified the +7 rapier of Departure {freeze, ^Fragile
                  | rPois rC++ Stlth+}
 32495 | Desolati | Identified the ring of Temptation {rN+ Dex+6}
 32532 | Desolati | Got the Annotations on the Loathsome Sphinx
 32636 | Desolati | Identified the ring "Lapaxi" {Fire Dex+3 SInv}
 32638 | Desolati | Identified the +3 leather armour of the Boiling Point
                  | {-Tele rElec Str+6}
 32642 | Desolati | Got the Elucidation of Hyperborean Arson
 32645 | Desolati | Identified the ring of Paranoia {Wiz rF+ rC+}
 32761 | Desolati | Received a gift from Trog
 32770 | Desolati | Identified the ring "Caotom" {rN+ Str+4}
 32772 | Desolati | Identified the ring of Abbaps {AC+4 Str+3 Int+6 Dex-2}
 32793 | Desolati | Identified the +1 chain mail "Buluhaf" {rElec rPois}
 33259 | Vaults:4 | Received a gift from Trog
 33325 | Vaults:4 | Noticed an ancient lich
 33348 | Vaults:4 | Killed an ancient lich
 33412 | Vaults:4 | Acquired a manual of Axes
 34338 | Depths:1 | Entered Level 1 of the Depths
 34369 | Depths:1 | Found a shadowy altar of Dithmenos.
 34567 | Depths:3 | Found a one-way gateway to a ziggurat.
 34574 | Depths:3 | Reached XP level 21. HP: 169/187 MP: 21/21
 34576 | Depths:3 | Identified the +9 war axe "Xuuk" {flame, Fly} (Trog gifted
                  | it to you on level 3 of the Depths)
 34576 | Depths:3 | Received a gift from Trog
 34837 | Depths:3 | Found Avoaddul's General Store.
 34845 | Depths:3 | Bought a potion of might for 48 gold pieces
 34848 | Depths:4 | Entered Level 4 of the Depths
 34854 | Depths:4 | Received a gift from Trog
 34984 | Depths:4 | Noticed a golden dragon
 34991 | Depths:4 | Killed a golden dragon
 35027 | Depths:4 | Found a gate to the Realm of Zot.
 35027 | Depths:4 | Noticed a golden dragon
 35043 | Depths:4 | Killed a golden dragon
 35061 | Depths:4 | Got a midnight gem with 2339 turns to spare
 35178 | Depths:4 | Upgraded the game from 0.31.0-9-g3a7656b989 to
                  | 0.31.0-11-ge490571c62
 35349 | Depths:4 | Found a gateway to Hell.
 35476 | Depths:4 | Found a glowing golden altar of the Shining One.
 35643 | Depths:4 | Noticed a golden dragon
 35648 | Depths:4 | Killed a golden dragon
 35697 | Depths:4 | Found a one-way gate leading to the halls of Pandemonium.
 35852 | Depths:4 | Received a gift from Trog
 36095 | Depths:3 | Found a broken altar of Ashenzari.
 36379 | Depths:3 | Noticed a caustic shrike
 36385 | Depths:3 | Killed a caustic shrike
 36514 | Depths:3 | Found a one-way gate to the infinite horrors of the Abyss.
 36514 | Depths:3 | Noticed a golden dragon
 36514 | Depths:3 | Noticed a golden dragon
 36514 | Depths:3 | Identified the amulet "Qeaned" {Regen+ Str+3 Dex+5 Slay+2}
 36514 | Depths:3 | Noticed a golden dragon
 36565 | Depths:3 | Killed a golden dragon
 36571 | Depths:3 | Killed a golden dragon
 36577 | Depths:3 | Killed a golden dragon
 37110 | Depths:2 | Reached XP level 22. HP: 197/197 MP: 22/22
 37127 | Depths:2 | Received a gift from Trog
 37131 | Depths:2 | Noticed Mara
 37302 | Depths:2 | Killed Mara
 37457 | Depths:1 | Identified the +5 flail of the Living Dead {drain, *Rage
                  | rElec Will+ SInv}
 37562 | Depths:2 | Found Ywublos's Assorted Antiques.
 37564 | Depths:2 | Found Umiklub's Jewellery Boutique.
 37566 | Depths:2 | Found Rossul's Magic Scroll Shop.
 37570 | Depths:2 | Bought a pair of encrusted gloves for 437 gold pieces
 37570 | Depths:2 | Identified the +1 pair of gloves of Qaamun {rC+ Str+2
                  | Int+5} (You bought it in a shop on level 2 of the Depths)
 37574 | Depths:2 | Bought 3 scrolls of fear for 276 gold pieces
 37574 | Depths:2 | Bought a scroll of teleportation for 69 gold pieces
 37574 | Depths:2 | Bought a scroll of fear for 92 gold pieces
 37676 | Depths:2 | Found a runed translucent door.
 37679 | Depths:2 | Noticed an ancient lich
 37679 | Depths:2 | Found a radiant altar of Vehumet.
 37693 | Depths:2 | Killed an ancient lich
 37700 | Depths:2 | Got the Volume of Outbursts
 38148 | Depths:2 | Gained mutation: You are frail. (-10% HP) [a shining eye]
 38408 | Depths:1 | Received a gift from Trog
 38557 | Depths:1 | Lost mutation: You are frail. (-10% HP) [potion of
                  | mutation]
 38557 | Depths:1 | Lost mutation: You have supernaturally acute eyesight.
                  | (SInv) [potion of mutation]
 38557 | Depths:1 | Gained mutation: Your body sometimes deteriorates upon
                  | taking damage. [potion of mutation]
 38557 | Depths:1 | Gained mutation: You have an increased reservoir of magic.
                  | (+10% MP) [potion of mutation]
 38766 | Crypt:1  | Entered Level 1 of the Crypt
 38792 | Crypt:1  | Noticed Vv
 38969 | Crypt:2  | Paralysed by a vampire knight for 4 turns
 39078 | Crypt:3  | Entered Level 3 of the Crypt
 39130 | Crypt:3  | Received a gift from Trog
 39301 | Crypt:3  | Reached XP level 23. HP: 209/209 MP: 25/25
 39313 | Crypt:3  | Found an ancient bone altar of Kikubaaqudgha.
 39313 | Crypt:3  | Noticed an ancient lich
 39325 | Crypt:3  | Killed an ancient lich
 39347 | Crypt:3  | Got an ivory gem with 1270 turns to spare
 39370 | Crypt:3  | Identified the staff of Qooggel {MP+9 Conj}
 39373 | Crypt:3  | Got the Directory of Rot
 39378 | Crypt:3  | Got the Annotations on the Breezy Snowflakes
 39646 | Crypt:3  | Found a staircase to the Tomb.
 39880 | Crypt:2  | Acquired 469 gold pieces
 40375 | Crypt:1  | Identified the +1 dagger of Gyomna {flame, rC- rN+ rCorr
                  | Str+4} (Trog gifted it to you on level 1 of the Crypt)
 40375 | Crypt:1  | Received a gift from Trog
 40511 | Crypt:1  | Killed Vv
 40729 | Crypt:1  | Paralysed by a vampire knight for 2 turns
 40968 | Vaults:5 | Entered Level 5 of the Vaults
 41070 | Vaults:5 | Identified the ring "Zuttaur" {rF++ Will+ Int+6}
 41194 | Vaults:5 | Identified the +8 battleaxe of Kucyurar {heavy, rC+ Str+2}
 41218 | Vaults:5 | Received a gift from Trog
 41564 | Vaults:5 | Reached skill level 15 in Dodging
 41606 | Vaults:5 | Identified the amulet of Eternal Night {Acrobat Slay+2
                  | SInv}
 41675 | Vaults:5 | Got a silver rune of Zot
 41772 | Vaults:5 | Reached XP level 24. HP: 190/217 MP: 25/25
 41889 | Vaults:5 | Got Advanced Wizarding
 41917 | Vaults:5 | Identified the +4 halberd of the Egg {speed, Dex+2}
 41998 | Vaults:5 | Received a gift from Trog
 42090 | Vaults:5 | Identified the +3 dagger of Hecs {heavy, rF+}
 42460 | Elf:1    | Entered Level 1 of the Elven Halls
 42651 | Elf:3    | Entered Level 3 of the Elven Halls
 42654 | Elf:3    | Received a gift from Trog
 42871 | Elf:3    | Identified the +6 quarterstaff of the Tundras {protect,
                  | Will+ rCorr}
 42909 | Elf:3    | Received a gift from Trog
 42925 | Elf:3    | Identified the +7 falchion "Giomalez" {drain, rElec rCorr}
 43006 | Elf:3    | Found the +8 longbow "Zephyr" {speed, Dex+3 SInv}
 43031 | Elf:3    | Got a shimmering gem with 1272 turns to spare
 43037 | Elf:3    | Identified the +0 ring mail of Good Intentions {rF+}
 43056 | Elf:3    | Identified the +1 spear "Xusem" {freeze, rC+ Str+2 SInv}
 43297 | Elf:3    | Paralysed by an air elemental for 1 turns
 43655 | Elf:2    | Found a runed translucent door.
 43655 | Elf:2    | Noticed Xif Uqaera's ghost (journeyman MiFi)
 43663 | Elf:2    | Killed Xif Uqaera's ghost
 43814 | Elf:2    | Found a runed translucent gate.
 43814 | Elf:2    | Found a runed translucent gate.
 43814 | Elf:2    | Found a runed translucent gate.
 43868 | Elf:2    | Noticed Zenata
 43889 | Elf:2    | Killed Zenata
 43897 | Elf:2    | Received a gift from Trog
 44026 | Elf:2    | Identified the blade talisman "Kitacomu" {rF+ SInv}
 44704 | Elf:1    | Received a gift from Trog
 45074 | Slime:1  | Entered Level 1 of the Pits of Slime
 45242 | Slime:3  | Reached XP level 25. HP: 226/231 MP: 25/25
 45302 | Slime:5  | Entered Level 5 of the Pits of Slime
 45476 | Slime:5  | Received a gift from Trog
 45524 | Slime:5  | Found a viscous altar of Jiyva.
 45559 | Slime:5  | Noticed the Royal Jelly
 45575 | Slime:5  | Killed the Royal Jelly
 45614 | Slime:5  | Got a starry gem with 113 turns to spare
 45616 | Slime:5  | Got a slimy rune of Zot
 45653 | Slime:5  | Identified the staff "Ulehoqor" {rElec rF+ rN+ Dex-3 Stlth+
                  | Summ Air}
 45680 | Slime:5  | Identified the +7 flail of Departure {freeze, ^Drain Int+5
                  | Stlth+}
 45682 | Slime:5  | Identified the +6 short sword "Ewkaisti" {vamp, rCorr}
 45688 | Slime:5  | Got Uwketzao's Meditations on Incendiary Quicksand
 45693 | Slime:5  | Got the Writings on Beckoning and Composition
 45696 | Slime:5  | Found the +3 robe of Clouds {*Thunder rCloud rElec}
 45712 | Slime:5  | Identified the +8 broad axe of Bumeuclo {drain, rPois
                  | rCorr}
 46019 | Depths:2 | Voluntarily entered the Abyss.
 46099 | Abyss:3  | Found a runed translucent door.
 46239 | Abyss:3  | Gained mutation: You are agile. (Dex +4, Str/Int -1) [a
                  | cacodemon]
 46245 | Abyss:3  | Received a gift from Trog
 46282 | Abyss:3  | Got an abyssal rune of Zot
 46297 | Abyss:3  | Found a corrupted altar of Lugonu.
 46428 | Depths:2 | Escaped the Abyss
 46472 | Zot:1    | Entered Level 1 of the Realm of Zot
 46795 | Zig:1    | Entered Level 1 of a ziggurat
 46796 | Zig:1    | Paralysed by an air elemental for 1 turns
 46798 | Zig:1    | Paralysed by an air elemental for 1 turns
 46803 | Zig:1    | Received a gift from Trog
 46819 | Zig:2    | Entered Level 2 of a ziggurat
 46844 | Zig:3    | Entered Level 3 of a ziggurat
 46871 | Zig:4    | Entered Level 4 of a ziggurat
 46904 | Zig:5    | Entered Level 5 of a ziggurat
 47059 | Zot:2    | Noticed Emnejil's ghost (master VSBe)
 47062 | Zot:2    | Found a runed translucent door.
 47121 | Zot:2    | Killed Emnejil's ghost
 48468 | Zot:4    | Noticed an orb of fire
 48505 | Zot:4    | Received a gift from Trog
 48692 | Zot:4    | Lost mutation: You have an increased reservoir of magic.
                  | (+10% MP) [an orb of fire]
 48693 | Zot:4    | Killed an orb of fire
 49129 | Zot:4    | Reached XP level 26. HP: 185/242 MP: 8/23
 49188 | Zot:3    | Noticed an orb of fire
 49188 | Zot:3    | Gained mutation: You are weak. (Str -2) [an orb of fire]
 49374 | Zot:3    | Gained mutation: You are dopey. (Int -2) [an orb of fire]
 49384 | Zot:3    | Killed an orb of fire
 49442 | Zot:3    | Noticed an orb of fire
 49452 | Zot:3    | Gained mutation: You are very weak. (Str -4) [an orb of
                  | fire]
 49517 | Zot:3    | Gained mutation: You do not regenerate when monsters are
                  | visible. [an orb of fire]
 49522 | Zot:3    | Killed an orb of fire
 49596 | Zot:3    | Lost mutation: Your body sometimes deteriorates upon taking
                  | damage. [potion of mutation]
 49596 | Zot:3    | Lost mutation: You are dopey. (Int -2) [potion of mutation]
 49596 | Zot:3    | Gained mutation: You are robust. (+10% HP) [potion of
                  | mutation]
 49596 | Zot:3    | Gained mutation: You are strong-willed. (Will+) [potion of
                  | mutation]
 49597 | Zot:3    | Lost mutation: You have a pair of small horns on your head.
                  | [potion of mutation]
 49597 | Zot:3    | Lost mutation: You are strong-willed. (Will+) [potion of
                  | mutation]
 49597 | Zot:3    | Gained mutation: You are vulnerable to heat. (rF-) [potion
                  | of mutation]
 49597 | Zot:3    | Gained mutation: Your spells are a little harder to cast,
                  | but a little more powerful. [potion of mutation]
 49598 | Zot:3    | Lost mutation: You do not regenerate when monsters are
                  | visible. [potion of mutation]
 49598 | Zot:3    | Lost mutation: You are agile. (Dex +4, Str/Int -1) [potion
                  | of mutation]
 49598 | Zot:3    | Gained mutation: Your body sometimes deteriorates upon
                  | taking damage. [potion of mutation]
 49598 | Zot:3    | Gained mutation: You are occasionally teleported next to
                  | monsters. [potion of mutation]
 49598 | Zot:3    | Gained mutation: You possess an exceptional clarity of
                  | mind. [potion of mutation]
 49599 | Zot:3    | Lost mutation: You are occasionally teleported next to
                  | monsters. [potion of mutation]
 49599 | Zot:3    | Lost mutation: You are robust. (+10% HP) [potion of
                  | mutation]
 49599 | Zot:3    | Lost mutation: Your spells are a little harder to cast, but
                  | a little more powerful. [potion of mutation]
 49599 | Zot:3    | Gained mutation: You are resistant to electric shocks.
                  | (rElec) [potion of mutation]
 49599 | Zot:3    | Gained mutation: You occasionally lose the ability to drink
                  | potions when taking damage. [potion of mutation]
 49599 | Zot:3    | Gained mutation: You are partially covered in iridescent
                  | scales. (AC +2) [potion of mutation]
 49666 | Zot:3    | Lost mutation: You are very weak. (Str -4) [potion of
                  | mutation]
 49666 | Zot:3    | Lost mutation: You are resistant to electric shocks.
                  | (rElec) [potion of mutation]
 49666 | Zot:3    | Gained mutation: You are frail. (-10% HP) [potion of
                  | mutation]
 49666 | Zot:3    | Gained mutation: Your spells are a little harder to cast,
                  | but a little more powerful. [potion of mutation]
 49666 | Zot:3    | Gained mutation: You are strong-willed. (Will+) [potion of
                  | mutation]
 49667 | Zot:3    | Lost mutation: You are strong-willed. (Will+) [potion of
                  | mutation]
 49667 | Zot:3    | Lost mutation: You are partially covered in iridescent
                  | scales. (AC +2) [potion of mutation]
 49667 | Zot:3    | Lost mutation: Your body sometimes deteriorates upon taking
                  | damage. [potion of mutation]
 49667 | Zot:3    | Gained mutation: You expend magic power (3 MP) to
                  | strengthen your wands. [potion of mutation]
 49667 | Zot:3    | Gained mutation: You are covered in fur. (AC +1) [potion of
                  | mutation]
 49668 | Zot:3    | Lost mutation: You are weak. (Str -2) [potion of mutation]
 49668 | Zot:3    | Lost mutation: You are covered in fur. (AC +1) [potion of
                  | mutation]
 49668 | Zot:3    | Gained mutation: Your natural rate of healing is unusually
                  | fast. [potion of mutation]
 49668 | Zot:3    | Gained mutation: You are very vulnerable to heat. (rF--)
                  | [potion of mutation]
 49668 | Zot:3    | Gained mutation: Your mind is acute. (Int +4, Str/Dex -1)
                  | [potion of mutation]
 49668 | Zot:3    | Gained mutation: You have large cloven feet. [potion of
                  | mutation]
 49669 | Zot:3    | Lost mutation: You possess an exceptional clarity of mind.
                  | [potion of mutation]
 49669 | Zot:3    | Lost mutation: Your spells are a little harder to cast, but
                  | a little more powerful. [potion of mutation]
 49669 | Zot:3    | Lost mutation: You have large cloven feet. [potion of
                  | mutation]
 49669 | Zot:3    | Gained mutation: You sometimes lose the ability to drink
                  | potions when taking damage. [potion of mutation]
 49670 | Zot:3    | Lost mutation: Your natural rate of healing is unusually
                  | fast. [potion of mutation]
 49670 | Zot:3    | Lost mutation: You sometimes lose the ability to drink
                  | potions when taking damage. [potion of mutation]
 49670 | Zot:3    | Gained mutation: Your tail ends in a venomous barb. [potion
                  | of mutation]
 49671 | Zot:3    | Lost mutation: You expend magic power (3 MP) to strengthen
                  | your wands. [potion of mutation]
 49671 | Zot:3    | Lost mutation: Your mind is acute. (Int +4, Str/Dex -1)
                  | [potion of mutation]
 49671 | Zot:3    | Gained mutation: Your muscles are strong. (Str +4, Int/Dex
                  | -1) [potion of mutation]
 49671 | Zot:3    | Gained mutation: Your body sometimes deteriorates upon
                  | taking damage. [potion of mutation]
 49671 | Zot:3    | Gained mutation: You are somewhat resistant to further
                  | mutation. [potion of mutation]
 49672 | Zot:3    | Lost mutation: You are somewhat resistant to further
                  | mutation. [potion of mutation]
 49672 | Zot:3    | Lost mutation: You are very vulnerable to heat. (rF--)
                  | [potion of mutation]
 49672 | Zot:3    | Lost mutation: You are frail. (-10% HP) [potion of
                  | mutation]
 49672 | Zot:3    | Gained mutation: You occasionally shout uncontrollably at
                  | your foes. [potion of mutation]
 49672 | Zot:3    | Gained mutation: You are partially covered in iridescent
                  | scales. (AC +2) [potion of mutation]
 49673 | Zot:3    | Lost mutation: You occasionally lose the ability to drink
                  | potions when taking damage. [potion of mutation]
 49673 | Zot:3    | Lost mutation: You occasionally shout uncontrollably at
                  | your foes. [potion of mutation]
 49673 | Zot:3    | Lost mutation: You are partially covered in iridescent
                  | scales. (AC +2) [potion of mutation]
 49673 | Zot:3    | Gained mutation: You are robust. (+10% HP) [potion of
                  | mutation]
 50142 | Zot:5    | Entered Level 5 of the Realm of Zot
 50702 | Zot:5    | Noticed a dread lich
 50720 | Zot:5    | Killed a dread lich
 50720 | Zot:5    | Received a gift from Trog
 51092 | Zot:5    | Noticed an orb of fire
 51107 | Zot:5    | Gained mutation: You are clumsy. (Dex -2) [an orb of fire]
 51113 | Zot:5    | Gained mutation: You have hidden genetic defects. [an orb
                  | of fire]
 51121 | Zot:5    | Killed an orb of fire
 51318 | Zot:5    | Reached XP level 27. HP: 278/278 MP: 23/23
 51413 | Zot:5    | Got the Orb of Zot
 51422 | Zot:5    | Noticed Wuillin the pandemonium lord
 51432 | Zot:5    | Killed Wuillin the pandemonium lord
 51769 | D:10     | Noticed Qanwood the pandemonium lord
 51846 | D:9      | Noticed Uhije the pandemonium lord
 51852 | D:9      | Killed Qanwood the pandemonium lord
 51887 | D:8      | Noticed Loskoedd the pandemonium lord
 52030 | D:$      | Escaped with the Orb!

Illustrated notes

Levels and vault maps discovered:
D:1:      lemuel_arrival_lava_pool, layout_basic
D:2:      layout_loops_ring, uniq_crazy_yiuf_cottage, uniq_jessica
D:3:      layout_basic, mainiacjoe_overflow_small_starburst,
          amcnicky_altar_gilded, gammafunk_temple_overflow_wave,
          chequers_serial_rivers_room_b, st_stairs_14, interstate_on_off
D:4:      minmay_clustersquares, layout_loops_ring,
          grunt_temple_overflow_opulence, regret_index_xom_buried_treasure
D:5:      layout_loops_ring, kiku_gazebo_pond_becter
D:6:      wander_river, layout_cave_pools, vehumet_altar_wand_db, temple_statues
D:7:      layout_loops_corners, fedhas_ov_isle_minmay,
          kennysheep_okawaru_gauntlet, lemuel_tele_altar,
          mainiacjoe_overflow_big_doors, enter_ossuary_4,
          nicolae_specific_store, nicolae_elemental_shop
D:8:      layout_cave_pools
D:9:      cheibrodos_iron_armory, layout_basic, trog_book,
          hangedman_decor_slide_cut, nrook_campfire, worms_lemuel
D:10:     layout_cave_pools, kennysheep_mini_moat, serial_shops, shop,
          serial_column_ruins, column_ruins_hut, column_ruins_hut,
          column_ruins_open_tiny, column_ruins_open_tiny,
          column_ruins_columns_plus, roderic_lattice_a, fountainhead
D:11:     minmay_firetagon, layout_long_grid, erik_lair_orcish_takeover,
          eino_small_chamber_without_monster, nicolae_the_louvre, uniq_sonja,
          uniq_maurice, uniq_lodul
D:12:     layout_stronghold, david_orc_5, uniq_fannar
D:13:     layout_loops_cross, erik_vaults_1, bloody_trog
D:14:     layout_loops_ring, minivault_19
D:15:     hellmonk_depths_entry_around_the_bend, layout_loops_ring,
          grunt_decor_clamped, gauntlet_entry_generic
Lair:1:   wad_woods_structure_01, layout_hall_layers
Lair:2:   layout_gridlike, basic_altar, st_stairs_4, infiniplex_staircase_pool_2
Lair:3:   layout_regular_city, skrybe_swamp_entry_bodies,
          alex1729_snake_entry_snake, infiniplex_staircase_pool
Lair:4:   layout_cellular_growth, portal_ice_cave_entry_pillars_1,
          grunt_megastairs_1, lemuel_fruit_fields, uniq_josephine
Lair:5:   hangedman_lair_tendril_chambers, layout_layer_cave,
          nicolae_slime_entry_field_trip, nicolae_lair_lil_pond
Swamp:1:  layout_falls_marsh, serial_swamp_ruin, evilmike_swamp_ruin_rubble_2,
          evilmike_swamp_ruin_house_1, swamp_pool_1_2, uniq_jorgrun
Swamp:2:  nzn_winding_woodlands_three_and_one
          [nzn_winding_woodlands_5x15_zeroes,
          nzn_winding_woodlands_5x15_lazy_stream,
          nzn_winding_woodlands_5x15_sidewinder,
          nzn_winding_woodlands_center_diamonds], layout_basic_swamp,
          nicolae_swamp_very_dense_foliage, swamp_pool_3
Swamp:3:  layout_falls_marsh, hangedman_swamp_ruin_wall, swamp_pool_4
Swamp:4:  swamp_pestilence, layout_basic_swamp
Snake:1:  layout_onion, minmay_shop_grove, grunt_megastairs_3, uniq_aizul,
          uniq_roxanne
Snake:2:  layout_misc_corridors, special_room, serial_shops,
          nicolae_shop_tiny_real_fake_doors, uniq_vashnia
Snake:3:  layout_cave_pods
Snake:4:  grunt_snake_rune_serpentine_throne, layout_chambers,
          nicolae_snake_salamander_zone, uniq_bai_suzhen
Slime:1:  layout_caves, basic_altar, cheibrodos_slime_lost_civilization_7
Slime:2:  layout_caves, nicolae_slime_rock_hall_of_fame
Slime:3:  cheibrodos_slime_lost_civilization_1, layout_caves, special_room
          [special_room_jelly]
Slime:4:  cheibrodos_slime_lost_civilization_10, layout_caves
Slime:5:  slime_pit_nicolae_jellycorners
Orc:1:    layout_caves
Orc:2:    st_orc_ogre_mass, layout_diamond_mine, uniq_snorg, uniq_erolcha
Elf:1:    nicolae_elf_arrival_fired_up, layout_gridlike,
          minmay_elf_crystal_heptagon, nicolae_elf_v_pinch
Elf:2:    nicolae_elf_blades_splatter_lattice [mumra_blade_entry_dagger],
          layout_geoelf_octagon, gammafunk_ghost_grave, uniq_zenata
Elf:3:    minmay_elf_hall_curves, layout_geoelf_diagonals
Vaults:1: grunt_vaults_swirl, nicolae_vaults_tetromino_Z_2,
          nicolae_vaults_yaktaur_gun_rack, v_misc_22,
          nicolae_vaults_closet_pinwheel_2, v_rooms_4, vaults_room_fancy_cross,
          vaults_mumra_hex, nicolae_vaults_mush_room, vaults_mumra_minichess,
          serial_ice_m, ontoclasm_vaults_hangar, nicolae_vaults_trapezoid_2,
          nicolae_vaults_tetromino_L_1, ontoclasm_vaults_ring_square,
          layout_vaults_omnibox, serial_shops, nicolae_shop_tiny_glass
Vaults:2: hangedman_vaults_corner, hangedman_vaults_slice,
          nicolae_vaults_trapezoid_1, vaults_standard_mumra_x,
          nicolae_vaults_shipping_containers_3, vaults_room_fancy_cross,
          layout_vaults_quadrants, serial_shops, nicolae_shop_tiny_glass,
          uniq_donald
Vaults:3: vaults_room_fours, hangedman_vaults_locks, ontoclasm_vaults_shuriken,
          minmay_crypt_entry_vampire_xt, nicolae_vaults_closet_pinwheel_3,
          hangedman_vaults_river_flow, vaults_room_boxed,
          nicolae_vaults_shock_wave, vaults_room_grunt_arrival_ludios,
          vaults_room_stairs_pillars, nicolae_vaults_little_squares_1,
          layout_vaults_omnicross, serial_shops, shop
Vaults:4: portal_desolation_entry_ruin, hangedman_vaults_restitches,
          nicolae_vaults_closet_pinwheel_1, nicolae_vaults_door_testing_chamber,
          v_misc_9, grunt_vaults_trifunnel, hangedman_vaults_cutoff,
          nicolae_vaults_angled_halls, grunt_vaults_focal,
          nicolae_vaults_tetromino_Z_1, nicolae_vaults_you_can_take_it_with_you,
          layout_vaults_big_room
Vaults:5
Crypt:1:  layout_chaotic_city, grunt_crypt_arrival_guarded_gate,
          grunt_megastairs_4, uniq_vv
Crypt:2:  layout_rooms
Crypt:3:  cryptofortress_bobbens
Depths:1: layout_gridville, nicolae_dithmenos_shadow_blocks,
          grunt_hell_entry_dis_grunt, lemuel_freeze_loot_1
Depths:2: dreamdust_experimentation, layout_cave_shapes, kennysheep_boxes,
          grunt_metal_band, abyss_entry_crystal, pan_entry,
          grunt_absolute_annihilation, minmay_shop_star, uniq_mara
Depths:3: minmay_the_grid_octo_2x2 [minmay_the_grid_octo_clover,
          minmay_the_grid_octo_77, minmay_the_grid_octo_fan_narrow,
          minmay_the_grid_octo_prize_ultimate_mussel_roller], layout_small_grid,
          enter_ziggurat_b, hellmouth_1, abyss_entry, grunt_decor_arrowhead,
          serial_shops, nicolae_stop_n_shop_1, ashenzari_conservatory_becter,
          minmay_staircase_windowed_large
Depths:4: grunt_zot_entry_funnels, layout_cave_shapes, tso_metal_star,
          rand_demon_pan_entry_4, hell_entry, corexii_hall_statues_l
Zot:1:    layout_basic, grunt_ministairs_4
Zot:2:    layout_gridlike, hellmonk_ghost_happy_afterlife,
          regret_index_zotdec_glowing_original
Zot:3:    nicolae_zot_stationary_front, layout_misc_corridors,
          grunt_ministairs_2, zot_minivault_1
Zot:4:    layout_cathedral_of_symmetry
Zot:5:    layout_cellular_growth

Skill      XL: |  1  2  3  4  5  6  7  8  9 10 11 12 13 14 15 16 17 18 19 20 21 22 23 24 25 26 |
---------------+-------------------------------------------------------------------------------+-----
Fighting       | 3 4 5 6 7 8 9 10 11 12 13 14 15 16 17 18 19 20 21 | 21.7
Armour         | 3 4 5 6 8 9 10 12 13 15 17 18 19 21 22 23 24 26 | 26.3
Axes           | 3 4 5 6 8 9 10 12 13 14 16 17 18 | 18.3
Dodging        | 2 3 4 5 6 7 8 9 10 11 12 13 14 15 16 17 | 17.9
Shields        | 7 10 12 15 16 18 19 20 21 22 23 24 25 26 | 26.4

Action                     |  1- 3 |  4- 6 |  7- 9 | 10-12 | 13-15 | 16-18 | 19-21 | 22-24 | 25-27 || total
---------------------------+-------+-------+-------+-------+-------+-------+-------+-------+-------++-------
  Melee: Hand axe          |    63 |       |       |       |       |       |       |       |       ||    63
         Tailslap          |     6 |     6 |    16 |    52 |   144 |   238 |   278 |   337 |   324 ||  1401
         Broad axe         |    15 |    58 |   155 |   381 |   852 |  1207 |  1261 |  1467 |  1300 ||  6696
         Headbutt          |       |     4 |    21 |    77 |   186 |   324 |   369 |   407 |   266 ||  1654
         Punch             |       |       |     2 |     7 |       |       |       |       |       ||     9
         Spear             |       |       |       |       |    20 |       |       |       |       ||    20
  Throw: Dart              |     1 |     1 |       |       |       |       |       |       |       ||     2
 Invoke: Berserk           |       |     2 |     6 |    21 |    11 |    10 |     8 |     2 |     5 ||    65
         Trog's Hand       |       |     1 |     1 |    13 |    28 |    38 |    14 |    24 |    24 ||   143
         Brothers in Arms  |       |       |       |     1 |       |     1 |       |     1 |     3 ||     6
  Evoke: Wand              |       |       |       |     4 |     4 |       |       |     2 |    10 ||    20
         Lightning rod     |       |       |       |       |       |       |       |       |     1 ||     1
         Sack of spiders   |       |       |       |       |       |       |       |       |     1 ||     1
    Use: Scroll            |     4 |     7 |     8 |    10 |    14 |    18 |     9 |    11 |    19 ||   100
         Potion            |     1 |     2 |     1 |     3 |     9 |    11 |     3 |     5 |    30 ||    65
   Stab: Sleeping          |     1 |     1 |       |       |       |       |       |       |       ||     2
         Invisible         |       |       |       |       |    22 |     1 |       |     7 |       ||    30
 Armour: Animal skin       |    48 |       |       |       |       |       |       |       |       ||    48
         Robe              |    12 |    36 |   104 |   198 |       |       |       |       |       ||   350
         Scale mail        |       |       |       |    78 |   460 |     7 |       |       |       ||   545
         Ring mail         |       |       |       |       |       |   256 |       |       |       ||   256
         Skin              |       |       |       |       |       |     5 |       |       |       ||     5
         Swamp dragon scal |       |       |       |       |       |   191 |   189 |       |       ||   380
         Chain mail        |       |       |       |       |       |       |   176 |       |       ||   176
         Gold dragon scale |       |       |       |       |       |       |    68 |   473 |   553 ||  1094
  Dodge: Dodged            |    34 |    28 |   131 |   310 |   620 |   266 |   182 |   181 |   209 ||  1961
  Block: Buckler           |       |       |       |       |   162 |       |       |       |       ||   162
         Tower shield      |       |       |       |       |   151 |  1300 |  1187 |  1298 |  1390 ||  5326
